 Dungeon Crawl Stone Soup version 0.31.0-9-g3a7656b989 (webtiles) character file.

Game seed: 2599477659974219240

98 ssalbiz the Magician (level 4, -1/24 HPs)
             Began as a Deep Elf Hedge Wizard on Jan 25, 2024.
             Slain by a scorpion (2 damage)
             ... on level 4 of the Dungeon.
             The game lasted 00:06:00 (3774 turns).

ssalbiz the Magician (Deep Elf Hedge Wizard)        Turns: 3774, Time: 00:06:01

Health: -1/24      AC:  3    Str:  7    XL:     4   Next: 43%
Magic:  6/13       EV: 12    Int: 21    God:
Gold:   84         SH:  0    Dex: 14    Spells: 8/14 levels left

rFire   . . .        l - +1 dagger (venom)
rCold   . . .        (no shield)
rNeg    . . .        b - +0 robe
rPois   .            c - +0 hat
rElec   .            k - +0 cloak
rCorr   .            (no gloves)
SInv    .            (no boots)
Will    .....        n - amulet of the acrobat
Stlth   ++           (no ring)
HPRegen 0.24/turn    (no ring)
MPRegen 0.13/turn

%: acrobat
@: lethally poisoned (-1 -> -4), on blink cooldown
A: no striking features
a: no special abilities


You were on level 4 of the Dungeon.
You visited 1 branch of the dungeon, and saw 4 of its levels.

You collected 84 gold pieces.

Inventory:

Hand Weapons
 l - a +1 dagger of venom (weapon)
Armour
 b - a +0 robe (worn)
 c - a +0 hat (worn)
 j - an orb of guile
 k - a +0 cloak (worn)
Jewellery
 n - an amulet of the acrobat (around neck)
Scrolls
 f - a scroll of torment {unknown}
 g - a scroll of blinking {unknown}
 h - 4 scrolls of identify {unknown}
 p - a scroll of revelation {unknown}
 q - a scroll of fog {unknown}
 r - 2 scrolls of teleportation {unknown}
 s - a scroll of immolation {unknown}
 u - a scroll of amnesia {unknown}
 v - a scroll of noise {unknown}
Potions
 a - a potion of heal wounds {unknown}
 e - 2 potions of degeneration {unknown}
 i - a potion of brilliance {unknown}
 m - 2 potions of lignification {unknown}
 o - a potion of attraction {unknown}
 t - a potion of might {unknown}


   Skills:
 - Level 2.4 Dodging
 - Level 2.4 Stealth
 + Level 5.6 Spellcasting
 + Level 2.9 Conjurations
 - Level 1.1 Summonings
 - Level 1.1 Translocations
 + Level 1.1 Air Magic
 + Level 1.3 Alchemy


You had 8 spell levels left.
You knew the following spells:

 Your Spells              Type           Power      Damage    Failure   Level
a - Magic Dart            Conj           72%        1d6       3%          1
b - Blink                 Tloc           20%        N/A       10%         2
c - Mephitic Cloud        Conj/Alch/Air  13%        N/A       14%         3

Your spell library contained the following spells:

 Spells                   Type           Power      Damage    Failure   Level
 Call Imp                 Summ           20%        N/A       10%         2
 Slow                     Hex            20%        N/A       11%         1
 Cigotuvi's Dreadful Rot  Necr/Alch/Air  18%        N/A       11%         2
 Hailstorm                Conj/Ice       12%        3d6       17%         3
 Summon Ice Beast         Ice/Summ       8%         N/A       24%         3
 Summon Mana Viper        Hex/Summ       8%         N/A       92%         5
 Sculpt Simulacrum        Ice/Alch       4%         N/A       100%        6
 Monstrous Menagerie      Summ           5%         N/A       100%        7


Dungeon Overview and Level Annotations

Branches:
Dungeon (4/15)
 Temple: D:4-7

Altars:
Okawaru
Uskayaw

Shops:
D:4 :

Annotations:
D:3 Grinder
D:4 Sigmund


Message History

The magic dart hits the scorpion but does no damage.
The scorpion is heavily wounded.
You feel very sick. The scorpion barely misses you.
Unknown command.
Casting: Magic Dart (safe; 3% risk of failure)
Confirm with . or Enter, or press ? or * to list all spells.
Aiming: Magic Dart (safe; 3% risk of failure)
Press: ? - help, Shift-Dir - straight line, f/p - scorpion
Aim: a scorpion (heavily wounded, 100% to hit)
The magic dart hits the scorpion.
The scorpion is heavily wounded.
You feel very sick. The scorpion misses you.
Casting: Magic Dart (safe; 3% risk of failure)
Confirm with . or Enter, or press ? or * to list all spells.
You blink.
You feel sick.
Casting: Blink (safe; 10% risk of failure)
Confirm with . or Enter, or press ? or * to list all spells.
Aiming: Magic Dart (safe; 3% risk of failure)
Press: ? - help, Shift-Dir - straight line, f/p - scorpion
Aim: a scorpion (heavily wounded, 100% to hit)
The magic dart hits the scorpion.
The scorpion is almost dead.
* * * LOW HITPOINT WARNING * * *
You feel sick.
Casting: Magic Dart (safe; 3% risk of failure)
Confirm with . or Enter, or press ? or * to list all spells.
You are still too unstable to blink.
Casting: Blink (safe; 10% risk of failure)
Confirm with . or Enter, or press ? or * to list all spells.
Aiming: Magic Dart (safe; 3% risk of failure)
Press: ? - help, Shift-Dir - straight line, f/p - scorpion
Aim: a scorpion (almost dead, 100% to hit)
The magic dart hits the scorpion but does no damage.
The scorpion is almost dead.
You feel sick. The scorpion stings you.
* * * LOW HITPOINT WARNING * * *
The scorpion stings you.
You die...

...# ##.....###..## .##
#..#.......##### #
##..#####..#....## ##..##
#........... #..##
#........... ##..#
#........... #..##
#........... ###..###
##.......... ###...s@.###
#..........
###...##.....###..........
###...#####.....###.........
## ###...###
###.....#.........
#.##...### ###.............
..#..### ##............
....## ###.......... ...##
##..##..... .... ##..#####.


You could see a scorpion.

Vanquished Creatures
  3 adders
  2 dart slugs
  9 ball pythons
  7 endoplasms
  5 giant cockroaches
  6 goblins
  5 hobgoblins
  8 kobolds
  3 quokkas
  A bat (D:2)
  6 frilled lizards
  6 rats
61 creatures vanquished.

Notes
Turn   | Place    | Note
-------+----------+-------------------------------------------
     0 | D:1      | ssalbiz the Deep Elf Hedge Wizard began the quest for the
                  | Orb.
     0 | D:1      | Reached XP level 1. HP: 10/10 MP: 7/7
   306 | D:1      | Reached XP level 2. HP: 15/15 MP: 4/9
   591 | D:1      | Reached skill level 5 in Spellcasting
  1325 | D:1      | Reached XP level 3. HP: 19/19 MP: 6/11
  1368 | D:1      | Found a faded altar of an unknown god.
  1709 | D:1      | Learned a level 2 spell: Blink
  1713 | D:1      | Learned a level 3 spell: Mephitic Cloud
  2698 | D:2      | Reached skill level 1 in Alchemy
  2720 | D:2      | Reached XP level 4. HP: 24/24 MP: 7/13
  3001 | D:3      | Reached skill level 1 in Air Magic
  3083 | D:3      | Found a hide-covered altar of Uskayaw.
  3085 | D:3      | Noticed a +0 hand axe
  3085 | D:3      | Noticed a +0 hand axe
  3101 | D:3      | Noticed Grinder
  3102 | D:3      | Paralysed by Grinder for 4 turns
  3211 | D:3      | Found an iron altar of Okawaru.
  3621 | D:4      | Found Jomisada's Book Boutique.
  3713 | D:4      | Noticed Sigmund
  3751 | D:4      | Noticed a scorpion
  3774 | D:4      | HP: 1/24 [scorpion (4)]
  3774 | D:4      | Slain by a scorpion

Illustrated notes

Levels and vault maps discovered:
D:1:      dpeg_arrival_oval, layout_basic, serial_forest,
          infiniplex_forest_end_2, infiniplex_forest_split,
          infiniplex_forest_lined_4_way, infiniplex_forest_end_3,
          infiniplex_forest_lined_2, infiniplex_forest_lined_room_2,
          shapermc_ecumenical_altar_venn, amcnicky_mini_pool_small,
          minmay_misc_feat_rows, nicolae_titane
D:2:      layout_basic
D:3:      layout_loops_ring, kennysheep_okawaru_gauntlet,
          dancing_weapons_uskayaw, due_unseen_surprise, uniq_grinder
D:4:      wander_river, layout_cave_pods, serial_shops, shop, shop, shop_statue,
          nicolae_shop_just_a_little_nook, guppyfry_shop_venom, uniq_duvessa,
          uniq_sigmund

Skill      XL: |  1  2  3  4 |
---------------+-------------+-----
Conjurations   | 2 |  2.9
Spellcasting   | 5 |  5.6
Alchemy        | 1 |  1.3
Air Magic      | 1 |  1.1
Dodging        | |  2.4
Stealth        | |  2.4
Summonings     | |  1.1
Translocations | |  1.1

Action                     |  1- 3 |  4- 6 || total
---------------------------+-------+-------++-------
  Melee: Dagger            |     1 |       ||     1
   Cast: Magic Dart        |   110 |    47 ||   157
         Blink             |       |     3 ||     3
    Use: Potion            |       |     1 ||     1
 Armour: Robe              |     2 |     5 ||     7
  Dodge: Dodged            |    10 |     5 ||    15
